 Dungeon Crawl Stone Soup version 0.28.0-53-g5a82cb258f (webtiles) character file.

Game seed: 4252779714097000670

7849 acdeimund the Carver (level 11, -7/87 HPs)
             Began as a Merfolk Gladiator on July 29, 2022.
             Was a Believer of Dithmenos.
             Mangled by a phantasmal warrior (12 damage)
             ... on level 10 of the Dungeon.
             The game lasted 00:34:04 (13777 turns).

acdeimund the Carver (Merfolk Gladiator)           Turns: 13777, Time: 00:34:06

Health: -7/87      AC: 12    Str: 21    XL:     11   Next: 21%
Magic:  13/13      EV: 18    Int:  8    God:    Dithmenos [**....]
Gold:   580        SH:  0    Dex: 19    Spells: 10/10 levels left

rFire   . . .      SeeInvis .   a - +0 long sword (venom)
rCold   . . .      Faith    .   (no shield)
rNeg    . . .      Spirit   .   r - +1 leather armour
rPois   .          Reflect  .   c - +0 helmet
rElec   .          Harm     .   u - +2 cloak
rCorr   .          Rampage  .   (no gloves)
Will    .....                   (no boots)
Stlth   +++++.....              (no amulet)
HPRegen 0.24/turn               y - +4 ring of protection
MPRegen 0.13/turn               A - +6 ring of strength

@: lethally poisoned (-7 -> -43), about to teleport, weak-willed, wreathed by
umbra
A: (nimble swimmer 2), mertail
a: Renounce Religion, Shadow Step


You were on level 10 of the Dungeon.
You worshipped Dithmenos.
Dithmenos was pleased with you.
You visited 2 branches of the dungeon, and saw 11 of its levels.

You collected 580 gold pieces.

Inventory:

Hand Weapons
 a - a +0 long sword of venom (weapon)
 b - a +3 dagger of speed
Missiles
 d - 3 throwing nets (quivered)
 l - 365 stones
 C - 7 poisoned darts
Armour
 c - a +0 helmet (worn)
 r - a +1 leather armour (worn)
 u - a +2 cloak (worn)
Jewellery
 i - an amulet of magic regeneration
 y - a +4 ring of protection (left hand)
 A - a +6 ring of strength (right hand)
 F - a ring of willpower
 J - an amulet of reflection
Wands
 p - a wand of charming (2)
 t - a wand of mindburst (6)
 v - a wand of acid (15)
 w - a wand of polymorph (22)
 x - a wand of flame (44)
 D - a wand of paralysis (5)
Scrolls
 f - 2 scrolls of fog
 g - 5 scrolls of vulnerability
 j - 5 scrolls of teleportation
 k - 3 scrolls of magic mapping
 m - 3 scrolls of torment
 B - a scroll of amnesia
 I - a scroll of enchant weapon
 K - a scroll of holy word
 L - a scroll of blinking {unknown}
 M - a scroll of identify
Potions
 e - 3 potions of lignification
 h - 4 potions of curing
 n - 4 potions of attraction
 o - 2 potions of haste
 q - a potion of degeneration
 s - a potion of mutation
 z - a potion of resistance
 E - a potion of might
 G - a potion of invisibility
 H - 3 potions of cancellation


   Skills:
 + Level 8.4 Fighting
 * Level 12.0 Long Blades
 - Level 2.0 Throwing
 + Level 10.5 Dodging
 + Level 8.9 Stealth
 + Level 3.6 Invocations


You had 10 spell levels left.
You didn't know any spells.
Your spell library contained the following spells:

 Spells                   Type           Power      Damage    Failure   Level
 Magic Dart               Conj           0%         1d3       45%         1
 Searing Ray              Conj           0%         2d4       58%         2
 Gell's Gravitas          Tloc           0%         N/A       83%         3
 Lesser Beckoning         Tloc           0%         N/A       83%         3
 Teleport Other           Tloc           0%         N/A       83%         3
 Fulminant Prism          Conj/Hex       0%         3d6       99%         4


Dungeon Overview and Level Annotations

Branches:
Dungeon (10/15)            Temple (1/1) D:6            Lair (0/6) D:10
    Orc: D:9-12

Altars:
Ashenzari
Cheibriados
Dithmenos
Elyvilon
Gozag
Hepliaklqana
Kikubaaqudgha
Makhleb
Nemelex Xobeh
Okawaru
Qazlal
Ru
Trog
Vehumet
Wu Jian
Xom
Zin
The Shining One

Annotations:
D:6 exclusion: troll, Grinder


Innate Abilities, Weirdness & Mutations

((You are very nimble when in or above water. (Stealth+, EV+, Speed+++)))
Your lower body shifts to a powerful aquatic tail in water.


Message History

The vampire mosquito completely resists.
The bolt of poison hits you!
You are more poisoned.
You feel very sick.
The vampire mosquito closely misses you.
The phantasmal warrior gestures at you.
The phantasmal warrior blinks!
You feel very sick.
The guardian serpent coils itself and waves its upper body at you.
The bolt of poison misses you. The phantasmal warrior gestures at you.
The phantasmal warrior blinks!
The vampire mosquito barely misses you.
You feel sick. The phantasmal warrior hits you!
Your willpower is stripped away!
The vampire mosquito bites you but does no damage.
The guardian serpent casts a spell at you.
The green ugly thing blinks into view!
You hit the phantasmal warrior but do no damage.
You feel sick. The vampire mosquito bites you.
The vampire mosquito draws strength from your injuries!
The green ugly thing punches you but does no damage.
The phantasmal warrior hits you!
* * * LOW HITPOINT WARNING * * *
The vampire mosquito misses you.
As you read the scroll of teleportation, it crumbles to dust.
You feel strangely unstable.
You feel sick.
The vampire mosquito completely misses you.
The green ugly thing punches you!
* * * LOW HITPOINT WARNING * * *
The phantasmal warrior hits you but does no damage.
The vampire mosquito bites you.
* * * LOW HITPOINT WARNING * * *
The vampire mosquito draws strength from your injuries!
You feel better.
The vampire mosquito completely misses you.
The green ugly thing punches you.
* * * LOW HITPOINT WARNING * * *
You are lethally poisoned!
The green ugly thing poisons you! The phantasmal warrior hits you!
You die...

##≈.#≈..u..≈≈## #. #≈≈≈≈≈.≈≈.≈≈#
#. .# ##≈≈≈≈≈≈≈≈≈######. ##.##
.##≈≈≈§≈≈≈##...... ###...
.###≈≈≈###....... .##.. #.###.##
#######. .##.# #.##..##########.
.##.#############u...............
...............W@yS..............
.......# #############...........
######.# #.########.. #.# #.# #..
######.###############.# #..
.......................########..
.......<.........................
######...........................
######...........................


You could see a green ugly thing, a phantasmal warrior, a guardian serpent and a
vampire mosquito.

Vanquished Creatures
  A two-headed ogre (D:8)
  An ugly thing (D:10)
  A gargoyle (D:10)
  Joseph (D:7)
  A shadow (D:10)
  11 yaks (D:8)
  2 steam dragons
  2 water moccasins
  A hornet zombie (D:6)
  An ice beast (D:6)
  3 orc warriors
  A necrophage (D:5)
  An ogre (D:5)
  6 centaurs
  A kobold brigand (D:6)
  2 bullfrogs
  4 scorpions
  A wyvern zombie (D:7)
  A water moccasin skeleton (D:7)
  12 killer bees
  3 wights (D:8)
  2 electric eels (D:8)
  4 howler monkeys
  2 hounds
  3 centaur zombies
  2 orc priests
  A centaur skeleton (D:6)
  3 jellies
  2 bullfrog skeletons
  2 iguanas (D:5)
  4 orc wizards
  A scorpion zombie (D:5)
  Natasha (thrice) (D:3)
  A killer bee zombie (D:7)
  A howler monkey zombie (D:9)
  3 gnolls
  2 howler monkey skeletons
  7 adders
  3 shadow imps
  3 worms
  7 dart slugs
  21 orcs
  4 ball pythons
  10 endoplasms
  15 giant cockroaches
  11 goblins
  8 hobgoblins
  8 jackals
  19 kobolds
  5 quokkas
  3 bats (D:1)
  4 frilled lizards
  13 rats
234 creatures vanquished.

Vanquished Creatures (collateral kills)
  A gnoll (D:5)
1 creature vanquished.

Vanquished Creatures (others)
  An iguana (D:6)
  A hound zombie (D:5)
  A gnoll (D:5)
  2 adders
  8 plants
13 creatures vanquished.

Grand Total: 248 creatures vanquished

Notes
Turn   | Place    | Note
-------+----------+-------------------------------------------
     0 | D:1      | acdeimund the Merfolk Gladiator began the quest for the
                  | Orb.
     0 | D:1      | Reached XP level 1. HP: 16/16 MP: 1/1
    80 | D:1      | Reached XP level 2. HP: 21/23 MP: 2/2
   238 | D:1      | Reached skill level 1 in Stealth
   368 | D:1      | Reached XP level 3. HP: 28/28 MP: 3/3
   860 | D:1      | Reached skill level 4 in Long Blades
  1123 | D:2      | Reached XP level 4. HP: 31/34 MP: 4/4
  2207 | D:3      | Reached XP level 5. HP: 37/41 MP: 5/5
  2424 | D:3      | Reached skill level 5 in Long Blades
  2424 | D:3      | Reached skill level 5 in Dodging
  2749 | D:3      | Noticed Natasha
  2757 | D:3      | Killed Natasha
  2758 | D:3      | Reached XP level 6. HP: 33/47 MP: 6/6
  2885 | D:3      | Noticed Natasha
  2899 | D:3      | Killed Natasha
  2971 | D:3      | Noticed Natasha
  2975 | D:3      | Killed Natasha
  4427 | D:5      | Entered Level 5 of the Dungeon
  4474 | D:5      | Noticed a necrophage
  4504 | D:5      | Killed a necrophage
  4505 | D:5      | Reached XP level 7. HP: 40/54 MP: 7/7
  4595 | D:5      | Reached skill level 6 in Long Blades
  5563 | D:5      | Reached XP level 8. HP: 16/61 MP: 8/8
  6425 | D:6      | Reached skill level 7 in Long Blades
  6718 | D:6      | Found a staircase to the Ecumenical Temple.
  6733 | Temple   | Entered the Ecumenical Temple
  6981 | Temple   | Became a worshipper of Dithmenos the Shadowed
  7049 | D:6      | Reached skill level 5 in Fighting
  7271 | D:6      | Reached skill level 5 in Stealth
  7854 | D:6      | Found a stormy altar of Qazlal.
  8053 | D:6      | Reached skill level 8 in Long Blades
  8254 | D:6      | Noticed a troll
  8254 | D:6      | Noticed Grinder
  8479 | D:7      | Reached XP level 9. HP: 43/69 MP: 9/9
  8480 | D:7      | Noticed Joseph
  9436 | D:7      | Killed Joseph
  9436 | D:7      | Reached * piety under Dithmenos
  9437 | D:7      | Reached skill level 9 in Long Blades
 10171 | D:8      | Reached skill level 10 in Long Blades
 10180 | D:8      | Reached XP level 10. HP: 56/79 MP: 10/10
 10611 | D:8      | Found a shimmering altar of Xom.
 10621 | D:8      | Reached ** piety under Dithmenos
 11013 | D:8      | Noticed a two-headed ogre
 11021 | D:8      | Killed a two-headed ogre
 11022 | D:8      | Reached skill level 11 in Long Blades
 11022 | D:8      | Reached skill level 1 in Invocations
 11431 | D:8      | Reached skill level 10 in Dodging
 11598 | D:9      | Found a hazy altar of Hepliaklqana.
 12437 | D:10     | Entered Level 10 of the Dungeon
 12524 | D:10     | Reached XP level 11. HP: 42/86 MP: 13/13
 12738 | D:10     | Found a staircase to the Lair.
 13472 | D:10     | Noticed a cyan ugly thing
 13498 | D:10     | Noticed a green ugly thing
 13509 | D:10     | Killed a cyan ugly thing
 13510 | D:10     | Reached skill level 12 in Long Blades
 13754 | D:10     | Noticed a phantasmal warrior
 13776 | D:10     | HP: 1/87 [vampire mosquito (5)]
 13777 | D:10     | Mangled by a phantasmal warrior

Illustrated notes

Levels and vault maps discovered:
D:1:      amcnicky_arrival_abandoned_market, layout_rooms, serial_forest,
          infiniplex_forest_end_double, infiniplex_forest_clump_double,
          infiniplex_forest_corner_1, infiniplex_forest_clump_cross
D:2:      minmay_roachtagon, layout_loops_cross, minmay_rat_gold_closets
D:3:      layout_loops_ring, portal_sewer_entry_e, uniq_natasha
D:4:      layout_rooms, minmay_misc_feat_rows, kennysheep_doodads,
          serial_bayou_crossing
D:5:      layout_loops_ring, minmay_misc_feat_nine_boxes
D:6:      corexii_shack_village, layout_loops_cross,
          nicolae_qazlal_eye_of_the_storm, minmay_temple_entry_slanted,
          minmay_three_doors, uniq_grinder
D:7:      layout_rooms, uniq_joseph
D:8:      layout_rooms, xom_confusion_cloud, serial_glass, glass_columns_b,
          glass_columns_b, kennysheep_generic_room_12
D:9:      layout_gridville, nicolae_hepliaklqana_hazy_memory,
          dk_rats_in_the_wall
D:10:     layout_long_grid, grunt_temple_overflow_cloverleaf, lair_entry_dummy,
          hellmonk_guarded_unrand_seven_league_boots
Temple:   regret_index_temple_generic_petals

Skill      XL: |  1  2  3  4  5  6  7  8  9 10 11 |
---------------+----------------------------------+-----
Stealth        | 1 2 3 4 5 7 8 |  8.9
Long Blades    | 4 5 6 8 10 11 12 | 12.0
Fighting       | 3 4 5 7 8 |  8.4
Dodging        | 5 6 7 9 10 | 10.5
Invocations    | 3 |  3.6
Throwing       | |  2.0

Action                   |  1- 3 |  4- 6 |  7- 9 | 10-12 || total
-------------------------+-------+-------+-------+-------++-------
Melee: Long sword        |   121 |   213 |   384 |   273 ||   991
       Punch             |     3 |     2 |     8 |    10 ||    23
       Tailslap          |       |       |       |     5 ||     5
Throw: Throwing net      |     1 |     1 |     2 |       ||     4
Evoke: Wand              |       |     1 |    13 |     6 ||    20
  Use: Scroll            |       |       |    19 |     5 ||    24
       Potion            |       |       |       |     1 ||     1
 Stab: Sleeping          |     1 |    15 |     5 |     5 ||    26
       Held in net/web   |       |     1 |     5 |       ||     6
Armor: Leather armour    |    53 |    46 |   128 |   100 ||   327
       Skin              |       |       |     2 |       ||     2
Dodge: Dodged            |   112 |   176 |   353 |   334 ||   975
